Map: [ESL] Babylon

Players

Coffee

  • Race: Terran Terran

Zoun - Winner!

  • Race: Protoss Protoss

Event: IEM Katowice 2023

VOD

Have the link to the VOD?

Description

Time

  • Played on: Feb. 8, 2023, 5:51 a.m.
  • Length: 10:10

All games in this series

Show
View Real Time Build Order
Export as new Build Order

Coffee Terran 

Build Orders: Gas First Reaper Expand 

Get SALT Encoding   

  12  0:00  SCV  
  13  0:12  SCV  
  14  0:16  Supply Depot  
  14  0:24  SCV  
  14  0:28  Refinery  
  15  0:38  SCV  
  16  0:45  Barracks  
  16  0:50  SCV  
  17  1:02  SCV  
  18  1:14  SCV  
  19  1:31  Reaper  
  19  1:32  Orbital Command  
  20  1:46  Command Center  
  20  1:55  Factory  
  20  1:59  SCV  
  21  2:04  Barracks Reactor  
  21  2:08  Refinery  
  21  2:11  SCV  
  22  2:17  Supply Depot  
  22  2:23  SCV  
  23  2:38  SCV  
  23  2:40  Starport  
  23  2:42  Widow Mine  
  27  2:45  Marine x2  
  27  2:50  SCV  
  29  2:59  Orbital Command  
  29  3:03  Widow Mine  
  32  3:05  SCV  
  32  3:12  Marine x2  
  34  3:16  Orbital Command  
  34  3:17  Medivac  
  34  3:19  SCV  
  36  3:27  Factory Tech Lab  
  36  3:30  Marine x2  
  36  3:31  SCV  
  39  3:41  Supply Depot  
  39  3:43  SCV x2  
  39  3:47  Siege Tank  
  44  3:52  Marine x2  
  46  3:59  Supply Depot  
  46  4:02  Liberator  
  46  4:05  SCV x2  
  51  4:10  Marine x2  
  53  4:22  Siege Tank  
  56  4:26  SCV  
  56  4:28  Marine x2  
  57  4:35  Supply Depot  
  57  4:38  SCV x2  
  57  4:39  Barracks  
  55  4:46  Marine x2, Starport Tech Lab  
  55  4:50  SCV x2  
  59  4:52  Refinery  
  59  4:53  Engineering Bay  
  59  4:57  Siege Tank  
  62  5:02  SCV x2  
  62  5:03  Marine  
  62  5:04  Marine  
  66  5:08  Barracks  
  66  5:13  Supply Depot  
  66  5:14  SCV x2  
  66  5:16  Raven  
  70  5:24  Marine  
  70  5:34  Marine  
  70  5:35  SCV x2  
  73  5:36  Supply Depot  
  73  5:37  Supply Depot  
  71  5:46  Marine, Stimpack  
  71  5:47  Factory Reactor, SCV x2  
  74  5:50  Terran Infantry Weapons Level 1  
  74  5:59  SCV x2  
  74  6:02  Marine x2  
  74  6:05  Marauder  
  74  6:09  Starport Reactor  
  65  6:14  Marauder  
  65  6:16  SCV  
  65  6:17  SCV  
  65  6:20  Marine x2  
  65  6:22  Combat Shield  
  66  6:26  Marauder  
  66  6:27  Refinery  
  66  6:28  SCV, Supply Depot  
  66  6:29  Barracks, SCV, Supply Depot  
  66  6:30  Barracks  
  68  6:33  Widow Mine x2  
  68  6:40  Marauder  
  68  6:41  Marine x2, SCV x2  
  71  6:53  SCV x2  
  71  6:56  Marauder  
  71  6:59  Marine  
  70  7:02  Marauder  
  70  7:05  SCV x2  
  70  7:07  Widow Mine x2  
  72  7:08  Medivac x2  
  74  7:19  Marine  
  74  7:20  Marine, Barracks Tech Lab  
  74  7:21  Barracks Reactor  
  73  7:23  SCV x2  
  73  7:25  Marauder x2  
  73  7:26  Concussive Shells  
  79  7:32  Widow Mine x2  
  83  7:38  Marine, Armory  
  83  7:39  Marine  
  83  7:43  Marauder  
  87  7:46  Marauder  
  91  7:51  Marauder  
  91  7:57  Widow Mine x2  
  93  7:58  Terran Infantry Armor Level 1  
  93  7:59  SCV x2  
  93  8:00  Command Center  
  93  8:04  Marine x4  
  99  8:09  Marauder  
  99  8:12  Supply Depot  
  101  8:17  Supply Depot  
  101  8:18  Supply Depot  
  101  8:21  SCV  
  102  8:33  Marine x2  
  102  8:34  Widow Mine x2, Marauder  
  110  8:36  Marine x2  
  110  8:38  Marauder  
  110  8:39  Marauder, SCV  
  114  8:41  SCV  
  114  8:48  Medivac x2  
  116  8:51  SCV  
  119  8:58  Marine  
  119  8:59  Marine x3  
  119  9:00  SCV, Widow Mine  
  119  9:01  Widow Mine  
  124  9:03  SCV, Missile Turret  
  125  9:12  Marauder x3  
  125  9:17  Ghost Academy  
  131  9:18  SCV x2  
  133  9:28  Medivac x2  
  139  9:35  Supply Depot x2  
  139  9:37  Orbital Command  
  136  9:50  Refinery  
  136  9:52  Marine x4  
Show
View Real Time Build Order
Export as new Build Order

Zoun Protoss - Winner!

Build Orders: 1 Gate Expand, Blink Stalkers 

Get SALT Encoding   

  12  0:00  Probe  
  13  0:12  Probe  
  14  0:18  Pylon  
  14  0:24  Probe (Chrono Boost)  
  15  0:36  Probe (Chrono Boost)  
  15  0:40  Gateway  
  16  0:45  Probe (Chrono Boost)  
  17  0:50  Assimilator  
  17  0:52  Probe  
  19  1:04  Probe  
  19  1:16  Probe  
  20  1:28  Cybernetics Core  
  20  1:38  Nexus  
  20  1:41  Probe  
  21  1:48  Pylon  
  21  1:53  Probe  
  22  1:58  Assimilator  
  22  2:03  Adept (Chrono Boost)  
  22  2:06  Probe  
  25  2:12  Warp Gate  
  25  2:18  Probe  
  26  2:26  Twilight Council  
  26  2:31  Stalker  
  28  2:42  Probe (Chrono Boost)  
  29  2:49  Probe (Chrono Boost)  
  30  2:54  Probe (Chrono Boost)  
  32  2:59  Probe (Chrono Boost)  
  32  3:00  Probe (Chrono Boost)  
  32  3:04  Probe (Chrono Boost)  
  33  3:10  Probe (Chrono Boost)  
  35  3:22  Probe (Chrono Boost)  
  35  3:24  Probe (Chrono Boost)  
  35  3:27  Gateway, Probe (Chrono Boost)  
  36  3:29  Gateway  
  36  3:30  Blink (Chrono Boost)  
  36  3:31  Probe  
  38  3:37  Probe  
  38  3:39  Robotics Facility  
  39  3:43  Probe  
  39  3:46  Pylon  
  40  3:50  Probe  
  40  3:54  Shield Battery  
  41  3:55  Probe  
  41  4:02  Stalker  
  44  4:04  Probe  
  45  4:15  Probe  
  46  4:24  Stalker x2  
  46  4:27  Observer  
  47  4:41  Nexus  
  47  4:42  Pylon  
  47  4:43  Pylon  
  47  4:49  Assimilator  
  47  4:50  Assimilator  
  47  4:53  Pylon  
  47  5:00  Observer, Probe x2, Stalker  
  47  5:02  Stalker  
  47  5:05  Stalker  
  56  5:12  Probe x2, Robotics Bay  
  58  5:24  Probe x2  
  58  5:27  Immortal (Chrono Boost)  
  60  5:31  Shield Battery  
  60  5:33  Stalker  
  66  5:47  Stalker x2  
  66  5:56  Immortal (Chrono Boost)  
  66  6:02  Stalker  
  72  6:07  Observer  
  72  6:08  Probe  
  67  6:14  Stalker x2  
  65  6:19  Probe x2  
  65  6:20  Probe  
  68  6:31  Probe x2  
  70  6:33  Probe  
  70  6:36  Stalker  
  73  6:43  Probe x2  
  73  6:45  Probe, Stalker  
  73  6:46  Stalker  
  80  6:56  Probe  
  80  6:58  Probe  
  81  7:01  Probe  
  81  7:08  Probe  
  83  7:11  Pylon  
  83  7:14  Extended Thermal Lance  
  83  7:17  Forge  
  83  7:18  Probe  
  85  7:22  Probe  
  85  7:25  Pylon, Charge (Chrono Boost)  
  85  7:26  Colossus (Chrono Boost)  
  85  7:28  Gateway, Observer  
  85  7:29  Gateway  
  91  7:36  Probe x2  
  93  7:40  Pylon  
  93  7:41  Protoss Ground Weapons Level 1 (Chrono Boost)  
  93  7:43  Probe  
  94  7:47  Sentry  
  94  7:48  Probe x2  
  98  7:53  Gateway  
  98  7:54  Gateway  
  98  7:56  Observer  
  98  8:00  Probe x2  
  98  8:02  Pylon  
  98  8:03  Gateway  
  100  8:06  Colossus (Chrono Boost)  
  100  8:08  Pylon  
  106  8:15  Stalker  
  108  8:22  Zealot x2  
  108  8:23  Pylon  
  108  8:24  Pylon  
  112  8:29  Pylon  
  112  8:30  Pylon, Photon Cannon  
  112  8:40  Probe  
  111  8:43  Zealot x3, Warp Prism (Chrono Boost)  
  119  8:51  Zealot x4  
  127  8:57  Templar Archives  
  127  9:16  Nexus  
  127  9:17  Pylon, Photon Cannon  
  127  9:20  Zealot x2  
  134  9:25  Disruptor (Chrono Boost)  
  134  9:33  High Templar x3  
  134  9:34  High Templar  
  134  9:35  Zealot x2  
  134  9:38  Archon x2  
  146  9:40  Probe x2  
  146  9:41  Probe  
  147  9:52  Probe  
  149  10:02  Sentry  
  149  10:03  Zealot x2, Sentry  

Tags
 
Add a new tag
Caveats
  • Supply blocks, unpowered buildings, or Contaminate may cause inaccurate times.
  • Supply counts are checked every 10 seconds.